 Dungeon Crawl Stone Soup version 0.22-a0-580-gd5db89c09a (webtiles) character file.

108 Hibernaculum the Cutter (level 4, -6/23 HPs)
             Began as a Vine Stalker Fighter on July 2, 2018.
             Killed by divine providence
             ... invoked by an orc priest
              (12 damage)
             ... on level 3 of the Dungeon.
             The game lasted 00:15:23 (3505 turns).

Hibernaculum the Cutter (Vine Stalker Fighter)      Turns: 3505, Time: 00:15:23

Health: -6/23      AC:  7    Str: 19    XL:     4   Next: 87%
Magic:  0/5        EV:  6    Int:  8    God:
Gold:   182        SH:  8    Dex: 14    Spells: 3/3 levels left

rFire    . . .     SeeInvis .   m - +0 short sword
rCold    . . .     Gourm    .   c - +0 shield
rNeg     . . .     Faith    .   b - +0 scale mail
rPois    .         Spirit   +   (no helmet)
rElec    .         Reflect  .   (no cloak)
rCorr    .         Harm     .   (no gloves)
MR       .....                  j - +0 pair of boots
Stlth    ..........             (no amulet)
HPRegen  0.47/turn              (no ring)
MPRegen  0.09/turn              (no ring)

@: heavily drained
A: fangs 2, regeneration 1, magic shield, antimagic bite, no potion heal 3, rot
immunity
a: no special abilities


You were on level 3 of the Dungeon.
You were not hungry.

You visited 1 branch of the dungeon, and saw 3 of its levels.

You collected 182 gold pieces.

Inventory:

Hand Weapons
 m - a +0 short sword (weapon)
Armour
 b - a +0 scale mail (worn)
 c - a +0 shield (worn)
 j - a +0 pair of boots (worn)
Scrolls
 e - 6 scrolls of identify
 g - a scroll of remove curse
 k - a scroll of teleportation {unknown}
Potions
 d - a potion of might
 h - a potion of ambrosia
Comestibles
 f - 6 rations
 i - 2 chunks of flesh


   Skills:
 - Level 2.9(1.0) Fighting
 + Level 3.5(1.9) Short Blades
   Level 2.0(1.2) Long Blades
 - Level 2.4(0.6) Armour
 - Level 2.7(0.9) Shields


You had 3 spell levels left.
You didn't know any spells.
Your spell library was empty.

Dungeon Overview and Level Annotations

Branches:
Dungeon (3/15)

Altars:

Annotations:
D:1 i messed up and picked long blades instead of short..., exclusion: downstairs
D:2 gammafunk what the fuck man an OGRE on
D:2
D:3 WHY, Ijyb


Innate Abilities, Weirdness & Mutations

You have extremely sharp teeth.
Your natural rate of healing is unusually fast.
When hurt, damage is shared between your health and your magic reserves.
Your bite disrupts and absorbs the magic of your enemies.
Potions cannot restore your health.
You are immune to rotting.


Message History

You hit Ijyb but do no damage. You bite Ijyb. You drain her power.
You feel invigorated.
Ijyb is lightly wounded.
Ijyb zaps a wand.
The puff of flame hits you!
* * * LOW HITPOINT WARNING * * *
You hit Ijyb. Your bite misses Ijyb.
Ijyb is moderately wounded.
You block Ijyb's attack.
Ijyb zaps a wand.
The puff of flame hits you! 2 orcs come into view.
The orc shouts! x2
Ijyb zaps a wand.
You block the puff of flame.
There is a stone staircase leading up here.
You see here a stone.
An orc comes into view. It is wielding a dagger.
Ijyb throws a stone.
The stone barely misses you.
The orc priest calls down the wrath of Beogh upon you.
Beogh smites you!
Ouch! That really hurt!
You die...

(##.#.######..(..)..♣.♣♣♣.♣.♣♣♣.#
.###.## #######...♣♣♣.♣♣♣.♣♣(#
.(.((# #....♣.♣..._♣♣.. ##.###
##...♣.♣♣.♣♣♣♣.. #.#
#...♣.♣♣♣.♣...# #.#
#...♣♣.♣♣♣♣♣♣.# #.# #####
#..♣..♣♣ ♣... ...
#...######g#♣♣♣♣ ♣♣.. #..
#......@<..# ..... #..
#[..###.#o## ♣..#... ##.## #o#.#
#.# #### #.# #.#.# # #.# #.#.#
#># #o#.# ##.## #.#.# #...# #o#.#
##### #.#


You could see Ijyb, an orc priest and 3 orcs.

Vanquished Creatures
  4 gnolls
  2 adders
  2 worms (D:2)
  4 leopard geckos
  A ball python (D:2)
  A giant cockroach (D:2)
  5 goblins
  A hobgoblin (D:1)
  7 jackals
  A quokka (D:3)
  4 bats
  2 frilled lizards (D:2)
  4 kobolds
  6 rats
  2 bushes (D:2)
46 creatures vanquished.

Notes
Turn   | Place    | Note
-------+----------+-------------------------------------------
     0 | D:1      | Hibernaculum the Vine Stalker Fighter began the quest for the Orb.
     0 | D:1      | Reached XP level 1. HP: 11/11 MP: 2/2
   217 | D:1      | Reached XP level 2. HP: 9/16 MP: 1/3
   531 | D:1      | Reached skill level 1 in Short Blades
   978 | D:2      | Reached XP level 3. HP: 8/19 MP: 1/4
  1254 | D:2      | Reached skill level 2 in Short Blades
  2414 | D:2      | Noticed an ogre
  2543 | D:3      | Noticed Ijyb
  2637 | D:2      | Gained mutation: Your natural rate of healing is unusually fast. [Vine Stalker growth]
  2637 | D:2      | Reached XP level 4. HP: 19/23 MP: 5/5
  3001 | D:3      | Reached skill level 3 in Short Blades
  3069 | D:3      | Found a faded altar of an unknown god.
  3505 | D:3      | Killed from afar by an orc priest

Vault maps used:
D:1:      minmay_arrival_stair_chambers
D:2:      serial_forest, infiniplex_forest_lined_2, infiniplex_forest_lined_2,
          infiniplex_forest_end_double, infiniplex_forest_lined_room_3
D:3:      nicolae_overflow_hidden_temple, chequers_ecumenical_altar_grove,
          first_ration, uniq_ijyb

Skill      XL: |  1  2  3  4 |
---------------+-------------+-----
Long Blades    | 2 |  2.0
Short Blades   | 1 2 3 |  3.5
Fighting       | |  2.9
Armour         | |  2.4
Shields        | |  2.7

Action                   |  1- 3 |  4- 6 || total
-------------------------+-------+-------++-------
Melee: Long sword        |     8 |       ||     8
       Dagger            |   625 |       ||   625
       Bite              |   349 |    18 ||   367
       Short sword       |     9 |    60 ||    69
Throw: Throwing net      |       |     1 ||     1
  Use: Scroll            |     3 |       ||     3
  Eat: Chunk             |     3 |     3 ||     6
       Ration            |     1 |       ||     1
Armor: Scale mail        |    58 |    23 ||    81
Dodge: Dodged            |    40 |    18 ||    58
Block: Shield            |    83 |    25 ||   108
       Rpst.: Long sword |     1 |       ||     1

Table legend:
 A = Spawn XP
 B = Non-spawn XP
 C = Spawn XP percentage of total XP
 D = Spawn monster count
 E = Non-spawn monster count
 F = Spawn count percentage of total count
 G = Total turns spent on level
                    A         B        C        D         E        F      G
               +---------+---------+-------+---------+---------+-------+---------
         Total |       0 |     155 |   0.0 |       0 |      44 |   0.0 |  3505
               +---------+---------+-------+---------+---------+-------+---------
           D:1 |       0 |      25 |   0.0 |       0 |      14 |   0.0 |  1059
           D:2 |       0 |      64 |   0.0 |       0 |      20 |   0.0 |  1917
           D:3 |       0 |      66 |   0.0 |       0 |      10 |   0.0 |   529
               +---------+---------+-------+---------+---------+-------+---------
